 Dungeon Crawl Stone Soup version 0.26-a0-712-ga5a9c9c9d0 (webtiles) character file.

Game seed: 5095921724435143025

1195 kae the Changer (level 8, -4/64 HPs)
             Began as a Naga Transmuter on Nov 5, 2020.
             Slain by a gnoll
             ... wielding a +0 halberd
              (12 damage)
             ... on level 5 of the Dungeon.
             The game lasted 00:04:06 (6806 turns).

kae the Changer (Naga Transmuter)                   Turns: 6806, Time: 00:04:07

Health: -4/64      AC:  7    Str: 21    XL:     8   Next: 44%
Magic:  13/14      EV: 10    Int: 14    God:
Gold:   215        SH:  0    Dex: 11    Spells: 6/15 levels left

rFire    . . .     SeeInvis +     - Unarmed
rCold    . . .     Faith    .   (no shield)
rNeg     . . .     Spirit   .   a - +0 robe
rPois    +         Reflect  .   (no helmet)
rElec    .         Harm     .   (no cloak)
rCorr    .         Rampage  .   (no gloves)
MR       +....                  (no barding)
Stlth    +.........             (no amulet)
HPRegen  0.20/turn              e - +4 ring of protection
MPRegen  0.14/turn              f - +6 ring of strength

@: short of breath, very slow
A: large, see invisible, deformed body, poison resistance, slowness 2, spit
poison 1, AC +2
a: Spit Poison


You were on level 5 of the Dungeon.
You visited 1 branch of the dungeon, and saw 5 of its levels.

You collected 215 gold pieces.

Inventory:

Armour
 a - a +0 robe (worn)
Jewellery
 e - a +4 ring of protection (left hand)
 f - a +6 ring of strength (right hand)
 i - an uncursed ring of stealth
 q - an uncursed ring of flight
Wands
 g - a wand of random effects (28)
Scrolls
 d - a scroll of blinking {unknown}
 j - 6 scrolls of identify
 k - a scroll of teleportation
 m - 2 scrolls of immolation {unknown}
 n - a scroll of remove curse
 p - a scroll of noise {unknown}
Potions
 b - 3 potions of flight
 c - a potion of cancellation
 h - a potion of curing
 l - a potion of berserk rage {unknown}
 o - 2 potions of stabbing {unknown}


   Skills:
 - Level 1.0 Fighting
 - Level 1.5 Dodging
 + Level 5.8 Unarmed Combat
 - Level 4.0 Spellcasting
 * Level 7.3 Transmutations
 - Level 3.0 Poison Magic


You had 6 spell levels left.
You knew the following spells:

 Your Spells              Type           Power        Failure   Level
a - Beastly Appendage     Tmut           ###...       1%          1
b - Spider Form           Tmut/Pois      ###.......   7%          3
c - Blade Hands           Tmut           ###.......   26%         5

Your spell library contained the following spells:

 Spells                   Type           Power        Failure   Level
 Wereblood                Tmut           ###.....     1%          2
 Ice Form                 Ice/Tmut       ##......     38%         4


Dungeon Overview and Level Annotations

Branches:
Dungeon (5/15)
 Temple: D:4-7

Altars:
Elyvilon
Gozag
Kikubaaqudgha
Trog
Xom
Yredelemnul


Innate Abilities, Weirdness & Mutations

You cannot wear boots.
Your serpentine skin is tough. (AC +2)
You have supernaturally acute eyesight. (SInv)
Armour fits poorly on your strangely shaped body.
Your system is resistant to poisons. (rPois)
You cover ground very slowly.
You can spit poison.


Message History

The hound is heavily wounded.
The hound completely misses you.
You hit the hound.
The hound is poisoned.
The hound is severely wounded.
The hound misses you. The gnoll misses you. The hound closely misses you.
You bite the hound!
You kill the hound!
The gnoll barely misses you.
You enter the shallow water.
Moving in this stuff is going to be slow.
Your transformation has ended.
Your +0 robe unmelds from your body.
The gnoll closely misses you.
You hit the gnoll.
The gnoll is lightly wounded.
The gnoll hits you with a +0 halberd!!
* * * LOW HITPOINT WARNING * * *
You hit the gnoll.
The gnoll is heavily wounded.
The gnoll hits you with a +0 halberd!
You die...

#.####.......#
..........##.#
#.##.#...###.###
#...#..(....#
......#.......#
####.####...###
#. #..)....# #.
#...#().# #.
###≈#@###
..#g)...#
...#.....#
..#####...# ...
...# #... ...#
#.. ..#


You could see a gnoll.

Vanquished Creatures
  Purgy (D:3)
  An orc warrior (D:5)
  A black bear (D:4)
  An ogre (D:4)
  A centaur (D:5)
  A howler monkey (D:5)
  2 hounds
  4 orc wizards
  3 orc priests
  Jessica (D:3)
  Natasha (thrice) (D:3)
  An iguana (D:5)
  2 worker ants
  2 worker ant zombies (D:5)
  8 gnolls
  8 adders
  2 white imps
  An ooze (D:3)
  An adder skeleton (D:4)
  A worm (D:2)
  A dart slug (D:2)
  3 leopard geckos
  16 orcs
  6 giant cockroaches
  6 goblins
  5 hobgoblins
  2 quokkas
  A ball python (D:2)
  3 frilled lizards
  10 kobolds
  A leopard gecko skeleton (D:4)
  9 rats
108 creatures vanquished.

Vanquished Creatures (others)
  A wizard (D:3)
1 creature vanquished.

Grand Total: 109 creatures vanquished

Notes
Turn   | Place    | Note
-------+----------+-------------------------------------------
     0 | D:1      | kae the Naga Transmuter began the quest for the Orb.
     0 | D:1      | Reached XP level 1. HP: 18/18 MP: 3/3
   848 | D:1      | Reached XP level 2. HP: 24/25 MP: 3/5
  1862 | D:1      | Reached skill level 3 in Transmutations
  1862 | D:1      | Reached XP level 3. HP: 19/31 MP: 4/6
  1867 | D:1      | Learned a level 3 spell: Spider Form
  2444 | D:2      | Reached skill level 1 in Poison Magic
  2783 | D:2      | Found an opulent altar of Gozag.
  2794 | D:2      | Reached XP level 4. HP: 34/38 MP: 7/7
  3344 | D:2      | Found a white marble altar of Elyvilon.
  3481 | D:2      | Found an ancient bone altar of Kikubaaqudgha.
  3831 | D:3      | Reached XP level 5. HP: 41/44 MP: 6/8
  3886 | D:3      | Found a basalt altar of Yredelemnul.
  3955 | D:3      | Noticed Natasha
  3961 | D:3      | Killed Natasha
  3961 | D:3      | Reached skill level 4 in Transmutations
  4124 | D:3      | Noticed Jessica
  4132 | D:3      | Killed Jessica
  4264 | D:3      | Noticed Natasha
  4269 | D:3      | Killed Natasha
  4316 | D:3      | Noticed Natasha
  4323 | D:3      | Killed Natasha
  4323 | D:3      | Reached XP level 6. HP: 51/51 MP: 5/9
  4424 | D:3      | Found a bloodstained altar of Trog.
  4427 | D:3      | Noticed a wizard
  4431 | D:3      | Killed a wizard
  4783 | D:4      | Noticed a black bear
  4796 | D:4      | Killed a black bear
  4796 | D:4      | Reached skill level 5 in Transmutations
  4931 | D:4      | Found a shimmering altar of Xom.
  4989 | D:4      | Noticed Purgy
  5005 | D:3      | Killed Purgy
  5005 | D:3      | Reached XP level 7. HP: 39/57 MP: 7/11
  5423 | D:4      | Reached skill level 5 in Unarmed Combat
  5423 | D:4      | Reached skill level 6 in Transmutations
  6136 | D:5      | Entered Level 5 of the Dungeon
  6164 | D:5      | Learned a level 5 spell: Blade Hands
  6284 | D:5      | Reached XP level 8. HP: 27/64 MP: 10/13
  6743 | D:5      | Reached skill level 7 in Transmutations
  6806 | D:5      | Slain by a gnoll

Illustrated notes

Levels and vault maps discovered:
D:1:      tarquinn_simple_flora_water_e, layout_basic
D:2:      layout_basic, overflow_temple_1_default, overflow_temple_1_default,
          elyvilon_altar_3, hex_large, grunt_ministairs_8
D:3:      layout_loops_ring, lemuel_crystal_altar, trog_wizard, uniq_natasha,
          uniq_jessica
D:4:      layout_basic, xom_butterflies, serial_co_window_serial,
          co_window_of_opportunity_a, co_window_cross_1, co_window_corner_a,
          co_window_cross_1, co_window_of_opportunity_a, co_window_broadway_b,
          co_window_cross_4, co_window_corner_b, co_window_4corner_a,
          co_window_4corner_b, uniq_purgy
D:5:      layout_loops_corners, hangedman_ru_absence, due_unseen_surprise,
          uniq_eustachio, uniq_blork_the_orc

Skill      XL: |  1  2  3  4  5  6  7  8 |
---------------+-------------------------+-----
Transmutations | 3 4 5 6 7 |  7.3
Poison Magic   | 1 2 3 |  3.0
Unarmed Combat | 4 5 |  5.8
Spellcasting   | 3 4 |  4.0
Fighting       | |  1.0
Dodging        | |  1.5

Action                   |  1- 3 |  4- 6 |  7- 9 || total
-------------------------+-------+-------+-------++-------
Melee: Unarmed           |    86 |    95 |   122 ||   303
       Headbutt          |     6 |     2 |       ||     8
 Cast: Beastly Appendage |    25 |    10 |       ||    35
       Spider Form       |       |     8 |    16 ||    24
 Abil: Spit Poison       |    27 |    16 |    17 ||    60
  Use: Scroll            |     2 |     4 |       ||     6
       Potion            |     1 |       |       ||     1
 Stab: Sleeping          |       |     1 |       ||     1
Armor: Robe              |    14 |    19 |     8 ||    41
       Skin              |       |    11 |     9 ||    20
Dodge: Dodged            |    56 |    89 |   100 ||   245

Table legend: (Time is in decaauts)
 A = Elapsed time spent in this place.
 B = Non-inter-level travel time spent in this place.
 C = Inter-level travel time spent in this place.
 D = Time resting spent in this place.
 E = Time spent auto-exploring this place.
 F = Levels seen in this place.
 G = Mean time per level.
                   A        B        C        D        E       F      G
               +--------+--------+--------+--------+--------+-----+--------+
         Total |   7979 |   7798 |    181 |     99 |   6866 |   5 | 1595.8 |
       Dungeon |   7979 |   7798 |    181 |     99 |   6866 |   5 | 1595.8 |
               +--------+--------+--------+--------+--------+-----+--------+

Top non-repeatable levels by time:
     D:1: 2600 daAuts
     D:2: 1802 daAuts
     D:4: 1540 daAuts
     D:3: 1335 daAuts
     D:5: 699 daAuts
